 Dungeon Crawl Stone Soup version 0.28-a0-674-gdaf460b524 (webtiles) character file.

Game seed: 6462434104774664154

62953 jasper the Cleaver (level 14, -7/119 HPs)
             Began as a Demonspawn Artificer on Oct 18, 2021.
             Was the Champion of Okawaru.
             Killed by divine providence
             ... invoked by an orc priest
              (11 damage)
             ... on level 2 of the Orcish Mines.
             The game lasted 00:29:57 (24471 turns).

jasper the Cleaver (Demonspawn Artificer)          Turns: 24471, Time: 00:29:58

Health: -7/119     AC: 23    Str: 29    XL:     14   Next: 66%
Magic:  19/20      EV: 18    Int: 14    God:    Okawaru [******]
Gold:   32         SH: 13    Dex: 24    Spells: 13/13 levels left

rFire   + + .      SeeInvis .   R - +4 broad axe (flame)
rCold   + . .      Faith    .   q - +2 buckler {rF+}
rNeg    . . .      Spirit   .   r - +1 chain mail "Ozaemud" {Rampage Dex+6}
rPois   +          Reflect  +   U - +3 hat of the Imp {rCorr Dex+3}
rElec   +          Harm     .   H - +0 cloak
rCorr   +          Rampage  +   M - +2 pair of gloves "Ofudush" {Str+6}
Will    ++...                   O - +0 pair of boots
Stlth   ..........              Q - amulet of reflection
HPRegen 0.29/turn               f - ring of willpower
MPRegen 0.17/turn               K - +6 ring of strength

@: resistant, very slightly contaminated, studying 3 skills
A: antennae 2, thin skeletal structure 1, (demonic guardian 2), spiny 2
a: Renounce Religion, Heroism, Finesse, Duel


You were on level 2 of the Orcish Mines.
You worshipped Okawaru.
Okawaru was exalted by your worship.
You visited 4 branches of the dungeon, and saw 21 of its levels.
You visited the Abyss 1 time.
You also visited: Bailey.

You collected 1665 gold pieces.
You spent 1633 gold pieces at shops.

Inventory:

Hand Weapons
 B - a +1 demon trident of venom
 R - a +4 broad axe of flaming (weapon)
Missiles
 k - 538 stones (quivered)
 y - 60 poisoned darts
 F - 2 throwing nets
 P - 2 curare-tipped darts
 X - 5 silver javelins
Armour
 q - a +2 buckler of fire resistance (worn)
 r - the +1 chain mail "Ozaemud" (worn) {Rampage Dex+6}
   (Okawaru gifted it to you on level 6 of the Lair of Beasts)

   Dex:       It affects your dexterity (+6).
   Rampage:   It bestows one free step when moving towards enemies.
 H - a +0 cloak (worn)
 M - the +2 pair of gloves "Ofudush" (worn) {Str+6}
   (You found it on level 9 of the Dungeon)

   Str:       It affects your strength (+6).
 O - a +0 pair of boots (worn)
 U - the +3 hat of the Imp (worn) {rCorr Dex+3}
   (You acquired it on level 2 of the Dungeon)

   Dex:       It affects your dexterity (+3).
   rCorr:     It protects you from acid and corrosion.
 Y - a +2 scale mail of positive energy
 Z - the +2 pair of gloves "Ihioguong" {rElec}
   (Okawaru gifted it to you on level 4 of the Lair of Beasts)

   rElec:     It insulates you from electricity.
Magical Staves
 g - a staff of air
Jewellery
 f - a ring of willpower (left hand)
 v - a ring of willpower
 I - a ring of ice
 K - a +6 ring of strength (right hand)
 Q - an amulet of reflection (around neck)
Wands
 d - a wand of charming (14)
 j - a wand of mindburst (15)
 o - a wand of polymorph (9)
 E - a wand of flame (43)
 N - a wand of iceblast (1)
 T - a wand of paralysis (12)
Scrolls
 l - a scroll of magic mapping
 m - 2 scrolls of noise
 n - 9 scrolls of teleportation
 t - 3 scrolls of fog
 C - 6 scrolls of enchant weapon
 G - 2 scrolls of immolation
 J - a scroll of blinking
 V - a scroll of amnesia
 W - a scroll of identify
Potions
 c - 3 potions of flight
 h - 2 potions of brilliance
 i - 6 potions of curing
 p - 4 potions of heal wounds
 s - 3 potions of mutation
 w - 2 potions of resistance
 x - 6 potions of attraction
 z - 3 potions of might
 A - 2 potions of ambrosia
 D - 2 potions of magic
 L - 3 potions of cancellation
 S - a potion of lignification
Miscellaneous
 a - a phial of floods
 e - a piece from Xom's chessboard (15/15)


   Skills:
 + Level 13.8 Fighting
 * Level 14.6 Axes
 + Level 12.9 Armour
 + Level 11.6 Dodging
 - Level 0.8 Stealth
 + Level 3.9 Shields
 - Level 8.0 Invocations
 - Level 3.0 Evocations


You had 13 spell levels left.
You didn't know any spells.
Your spell library contained the following spells:

 Spells                   Type           Power      Damage    Failure   Level
 Sandblast                Erth           0%         2d4       71%         1
 Passwall                 Tmut/Erth      0%         N/A       85%         2
 Slow                     Hex            0%         N/A       85%         2
 Confusing Touch          Hex            0%         N/A       97%         3
 Gell's Gravitas          Tloc           0%         N/A       97%         3
 Lesser Beckoning         Tloc           0%         N/A       97%         3
 Portal Projectile        Hex/Tloc       0%         N/A       97%         3
 Stone Arrow              Conj/Erth      0%         3d7       97%         3
 Teleport Other           Tloc           0%         N/A       97%         3
 Vampiric Draining        Necr           0%         2d6       97%         3
 Blade Hands              Tmut           0%         N/A       100%        5
 Borgnjor's Vile Clutch   Necr/Erth      0%         N/A       100%        5
 Excruciating Wounds      Necr           0%         N/A       100%        5
 Fireball                 Conj/Fire      0%         3d3       100%        5
 Iskenderun's Battlesphe  Conj           0%         2d6       100%        5
 Conjure Ball Lightning   Conj/Air       0%         3x3d6     100%        6
 Dispersal                Tloc           0%         N/A       100%        6
 Orb of Destruction       Conj           0%         N/A       100%        7
 Summon Guardian Golem    Hex/Summ       Unusable   N/A       N/A         3
 Animate Dead             Necr           Unusable   N/A       N/A         4
 Death Channel            Necr           Unusable   N/A       N/A         6
 Spellforged Servitor     Conj/Summ      Unusable   N/A       N/A         7

Dungeon Overview and Level Annotations

Branches:
Dungeon (12/15)            Temple (1/1) D:5            Lair (6/6) D:10
 Shoals (0/4) Lair:3       Spider (0/4) Lair:4        Slime (0/5) Lair:5
    Orc (2/2) D:9          Bailey (visited)
    Elf: Orc:2

Altars:
Ashenzari
Cheibriados
Elyvilon
Fedhas
Gozag
Hepliaklqana
Kikubaaqudgha
Makhleb
Nemelex Xobeh
Okawaru
Qazlal
Sif Muna
Uskayaw
Vehumet
Wu Jian
Xom
Yredelemnul
Zin
The Shining One
Jiyva

Shops:
D:2 ?   D:10 **   Orc:1 ?   Orc:2 [

Annotations:
D:10 3 runed translucent doors, Maimakterion's ghost, journeyman HuFi
Lair:6 exclusion: oklob plant
Orc:2 Donald


Innate Abilities, Weirdness & Mutations

You have a pair of antennae on your head.
You have a somewhat thin skeletal structure. (Dex +2, Stealth+)
((A demonic guardian rushes to your aid.))
You are mostly covered in sharp spines.


Message History

The orc priest calls upon Beogh to heal the orc priest.
The orc priest is healed somewhat.
Donald says, "I asked for directions to the rune, but they belched at me."
The orc shouts!
You hear a shout!
You hit the orc sorcerer but do no damage.
You slash the orc sorcerer! You burn the orc sorcerer.
The orc shouts!
The orc warrior shouts!
The smoke demon roars!
The hellwing gives a chilling moan.
The orc priest shouts! x2
The orc no longer looks unusually strong.
The orc sorcerer points at you and mumbles some strange words.
The bolt of negative energy hits you but does no damage.
You block the orc sorcerer's attack.
The orc priest looks braver for a moment.
You chop the orc sorcerer into pieces!!!
You burn the orc sorcerer.
You kill the orc sorcerer!
Okawaru accepts your kill.
The smoke demon disappears in a puff of smoke!
You closely miss the orc sorcerer.
The orc shouts!
The hellwing gives a chilling moan.
The orc priest shouts!
You slash the orc sorcerer! You burn the orc sorcerer.
The orc sorcerer is moderately wounded.
You flicker back into view.
The orc shouts! x2; The hellwing gives a chilling moan.
The orc priest shouts!
You hear a shout!
The orc priest mumbles some strange prayers to Beogh against you.
Beogh smites you!
* * * LOW HITPOINT WARNING * * *
The orc priest invokes the aid of Beogh against you.
Beogh smites you!
* * * LOW HITPOINT WARNING * * *
The orc sorcerer is struck by your spines.
The orc sorcerer hits you but does no damage.
You take 24 damage, and have 16/119 hp.
MASSIVE DAMAGE!!
The orc priest invokes the aid of Beogh against you.
Beogh smites you!
* * * LOW HITPOINT WARNING * * *
The orc priest mumbles some strange prayers to Beogh against you.
Beogh smites you!
You die...

....4o....#......
..o..oo...#....$
.o4o.ooo......##
o.4.o.ooo......#
ooooo.oo§4....#
.o..o.oo.4o{.#
o.ooo.o.)oo@.#
..o....{{{#)##
..........#@##
##...######..#
#... #.## #..
#..## ... #...#
#..### #..#.## {{
#.....# {{
#.....#


You could see Donald (strong), an orc knight, a hellwing (summoned), a chaos
spawn (summoned), an orc sorcerer, an orc warrior, 3 orc priests and 2 orcs.

Vanquished Creatures
  An orc warlord (Orc:2)
  Erolcha (D:10)
  3 catoblepae (Lair:6)
  4 hydras
  An ice dragon (Lair:5)
  5 two-headed ogres
  17 death yaks
  An orc high priest (Orc:2)
  Urug (Lair:3)
  Nergalle (D:11)
  2 orc knights
  A lindwurm (Lair:4)
  A deep elf pyromancer (D:12)
  2 orc sorcerers (Orc:2)
  A wolf spider (Lair:4)
  3 manticores
  2 merfolk sirens (Lair:3)
  14 elephants
  A torpor snail (Lair:5)
  2 black mambas
  An unseen horror (D:11)
  A gargoyle (D:11)
  16 cane toads
  A rime drake (Lair:6)
  7 komodo dragons
  2 merfolk (Lair:3)
  5 trolls
  4 polar bears
  3 jumping spiders (Lair:4)
  A hornet (D:9)
  4 slime creatures
  8 blink frogs (Lair:6)
  Sigmund (D:3)
  A redback (Lair:4)
  6 wyverns
  A wraith (D:11)
  A vampire (D:10)
  43 yaks
  A steam dragon (D:7)
  6 basilisks
  2 acid dragons
  2 wargs (Orc:1)
  18 water moccasins
  23 orc warriors
  2 black bears
  2 necrophages (D:4)
  13 wolves
  5 ogres
  13 centaurs
  A phantom (D:4)
  2 kobold brigands
  13 bullfrogs
  2 scorpions
  A water moccasin zombie (D:5)
  A water moccasin skeleton (D:5)
  6 killer bees
  8 wights (D:9)
  2 centaur zombies (D:7)
  6 hounds
  2 bullfrog skeletons
  7 orc priests
  A jelly (D:7)
  4 iguanas
  22 orc wizards
  6 hell rats (Lair:5)
  A killer bee zombie (D:8)
  A hound zombie (D:5)
  A hound skeleton (D:4)
  A mummy (D:5)
  8 adders
  5 white imps
  A worm (D:5)
  3 dart slugs
  76 orcs
  7 endoplasms
  2 giant cockroaches
  3 goblins
  7 hobgoblins
  5 jackals
  A quokka (D:4)
  6 ball pythons
  2 bats
  3 frilled lizards
  A hobgoblin zombie (D:5)
  16 kobolds
  2 kobold zombies (D:5)
  4 rats
497 creatures vanquished.

Vanquished Creatures (collateral kills)
  An ogre (D:4)
  Jessica (D:2)
2 creatures vanquished.

Vanquished Creatures (others)
  A yak (Lair:6)
  An orc wizard (Orc:2)
  An orc (Orc:2)
  26 fungi
  42 plants
71 creatures vanquished.

Grand Total: 570 creatures vanquished

Notes
Turn   | Place    | Note
-------+----------+-------------------------------------------
     0 | D:1      | jasper the Demonspawn Artificer began the quest for the
                  | Orb.
     0 | D:1      | Reached XP level 1. HP: 15/15 MP: 1/1
    84 | D:1      | Reached skill level 1 in Dodging
   576 | D:1      | Gained mutation: You are partially covered in sharp spines.
                  | [demonic ancestry]
   576 | D:1      | Reached XP level 2. HP: 6/21 MP: 2/2
  1638 | D:2      | Found Ussum's Magic Scroll Boutique.
  1643 | D:2      | Gained mutation: A weak demonic guardian rushes to your
                  | aid. [demonic ancestry]
  1643 | D:2      | Reached XP level 3. HP: 27/27 MP: 3/3
  1648 | D:2      | Bought a scroll of teleportation for 39 gold pieces
  2107 | D:2      | Noticed Jessica
  2129 | D:2      | Killed Jessica
  2130 | D:2      | Reached skill level 1 in Axes
  2262 | D:2      | Gained mutation: You are mostly covered in sharp spines.
                  | [demonic ancestry]
  2262 | D:2      | Reached XP level 4. HP: 33/33 MP: 4/4
  2468 | D:3      | Noticed Sigmund
  2488 | D:3      | HP: 1/33 [something (5)]
  2494 | D:3      | Killed Sigmund
  2495 | D:3      | Reached skill level 2 in Axes
  2495 | D:3      | Gained mutation: You have a pair of small antennae on your
                  | head. [demonic ancestry]
  2495 | D:3      | Reached XP level 5. HP: 16/39 MP: 5/5
  2831 | D:3      | Found a radiant altar of Vehumet.
  2834 | D:3      | Found a basalt altar of Yredelemnul.
  2837 | D:3      | Found a broken altar of Ashenzari.
  2903 | D:3      | Found a shimmering altar of Xom.
  3333 | D:4      | Noticed a necrophage
  3335 | D:4      | Noticed a necrophage
  3344 | D:4      | Killed a necrophage
  3345 | D:4      | Reached skill level 3 in Axes
  3345 | D:4      | Reached XP level 6. HP: 42/47 MP: 6/6
  3503 | D:4      | Identified the +5 ring mail "Alaza" {-Tele Rampage rPois
                  | SInv}
  3546 | D:4      | Gained mutation: A demonic guardian rushes to your aid.
                  | [demonic ancestry]
  3546 | D:4      | Reached XP level 7. HP: 46/52 MP: 7/7
  3549 | D:4      | Reached skill level 4 in Axes
  4275 | D:5      | Entered Level 5 of the Dungeon
  4775 | D:5      | Reached skill level 5 in Axes
  4775 | D:5      | Gained mutation: You have a pair of antennae on your head.
                  | [demonic ancestry]
  4775 | D:5      | Reached XP level 8. HP: 60/60 MP: 8/8
  4843 | D:5      | Found a staircase to the Ecumenical Temple.
  4890 | D:5      | Found a shimmering blue altar of Sif Muna.
  4890 | D:5      | Found a snail-covered altar of Cheibriados.
  5636 | Temple   | Entered the Ecumenical Temple
  5655 | Temple   | Became a worshipper of Warmaster Okawaru
  6282 | D:6      | Reached skill level 6 in Axes
  6384 | D:6      | Reached skill level 5 in Fighting
  6679 | D:6      | Found a sparkling altar of Nemelex Xobeh.
  7026 | D:7      | Reached * piety under Okawaru
  7027 | D:7      | Reached skill level 5 in Armour
  7030 | D:7      | Reached XP level 9. HP: 68/68 MP: 9/9
  7085 | D:7      | Reached skill level 5 in Dodging
  7098 | D:7      | Reached ** piety under Okawaru
  7099 | D:7      | Reached skill level 7 in Axes
  8085 | D:8      | Reached skill level 8 in Axes
  8171 | D:8      | Found a stormy altar of Qazlal.
  8172 | D:8      | Found a blossoming altar of Fedhas.
  8235 | D:8      | Reached *** piety under Okawaru
  8574 | D:8      | Gained mutation: You have a somewhat thin skeletal
                  | structure. (Dex +2, Stealth+) [demonic ancestry]
  8574 | D:8      | Reached XP level 10. HP: 77/77 MP: 10/10
  8646 | D:8      | Reached skill level 1 in Invocations
  9118 | D:9      | Reached skill level 5 in Invocations
  9708 | D:9      | Reached **** piety under Okawaru
  9708 | D:9      | Received a gift from Okawaru
 10304 | D:9      | Noticed a two-headed ogre
 10350 | D:9      | Killed a two-headed ogre
 10350 | D:9      | Received a gift from Okawaru
 10351 | D:9      | Reached skill level 9 in Axes
 10367 | D:9      | Identified the +2 pair of gloves "Ofudush" {Str+6}
 10624 | D:9      | Found a staircase to the Orcish Mines.
 10649 | D:10     | Entered Level 10 of the Dungeon
 10650 | D:10     | Found Beim's Specific Store.
 10652 | D:10     | Found Reecor's General Store.
 10664 | D:10     | Bought a scroll of blinking for 82 gold pieces
 10664 | D:10     | Bought a throwing net for 33 gold pieces
 10664 | D:10     | Bought a scroll of identify for 22 gold pieces
 10664 | D:10     | Bought a scroll of teleportation for 33 gold pieces
 10664 | D:10     | Bought a potion of curing for 33 gold pieces
 11044 | D:10     | Reached XP level 11. HP: 66/84 MP: 15/15
 11052 | D:10     | Noticed a two-headed ogre
 11062 | D:10     | Killed a two-headed ogre
 11063 | D:10     | Noticed Erolcha
 11077 | D:10     | Cast into level 1 of the Abyss (Erolcha)
 11082 | D:10     | Escaped the Abyss
 11090 | D:10     | Killed Erolcha
 11090 | D:10     | Reached ***** piety under Okawaru
 11206 | D:10     | Found a staircase to the Lair.
 11469 | D:10     | Found a runed translucent gate.
 11469 | D:10     | Found a runed translucent gate.
 11469 | D:10     | Found a runed translucent gate.
 11470 | D:10     | Noticed Maimakterion's ghost (journeyman HuFi)
 11498 | D:10     | Noticed a two-headed ogre
 11503 | D:10     | Killed a two-headed ogre
 11592 | D:10     | Reached skill level 10 in Axes
 11626 | D:10     | Noticed a two-headed ogre
 11634 | D:10     | Killed a two-headed ogre
 12106 | D:11     | Found a flagged portal.
 12110 | D:11     | Identified the +5 halberd "Iqaecozo" {freeze, Str-3 Int+4
                  | Dex+7}
 12113 | Bailey   | Entered a bailey
 13715 | D:11     | Received a gift from Okawaru
 13974 | D:11     | Noticed a two-headed ogre
 13985 | D:11     | Killed a two-headed ogre
 14103 | D:11     | Noticed Nergalle
 14120 | D:11     | Killed Nergalle
 14121 | D:11     | Reached skill level 11 in Axes
 14512 | D:11     | Reached XP level 12. HP: 72/93 MP: 16/16
 14703 | D:12     | Noticed a boulder beetle
 14895 | Lair:1   | Entered Level 1 of the Lair of Beasts
 14909 | Lair:1   | Noticed a seven-headed hydra
 14915 | Lair:1   | Killed a four-headed hydra
 15084 | Lair:1   | Identified the +4 hand crossbow of Death's Door {flame,
                  | rPois}
 15672 | Lair:1   | Noticed an eight-headed hydra
 15678 | Lair:1   | Killed a five-headed hydra
 15678 | Lair:1   | Reached ****** piety under Okawaru
 15679 | Lair:1   | Reached skill level 10 in Fighting
 16156 | Lair:2   | Identified the +11 longbow "Fega" {vorpal, rElec rN+ Str-3}
                  | (Okawaru gifted it to you on level 2 of the Lair of Beasts)
 16156 | Lair:2   | Received a gift from Okawaru
 16211 | Lair:2   | Noticed a death yak
 16212 | Lair:2   | Noticed a death yak
 16217 | Lair:2   | Noticed a death yak
 16221 | Lair:2   | Killed a death yak
 16244 | Lair:2   | Killed a death yak
 16254 | Lair:2   | Killed a death yak
 16485 | Lair:2   | Reached skill level 12 in Axes
 17288 | Lair:3   | Noticed Urug
 17296 | Lair:3   | Killed Urug
 17297 | Lair:3   | Reached skill level 10 in Armour
 17482 | Lair:3   | Found a staircase to the Shoals.
 17984 | Lair:4   | Reached XP level 13. HP: 98/106 MP: 19/19
 18162 | Lair:4   | Identified the +2 pair of gloves "Ihioguong" {rElec}
                  | (Okawaru gifted it to you on level 4 of the Lair of Beasts)
 18162 | Lair:4   | Received a gift from Okawaru
 18621 | Lair:4   | Found a hole to the Spider Nest.
 19754 | Lair:5   | Found a viscous altar of Jiyva.
 19757 | Lair:5   | Found a staircase to the Slime Pits.
 19833 | Lair:5   | Reached skill level 13 in Axes
 20359 | D:2      | Bought a scroll of acquirement for 676 gold pieces
 20359 | D:2      | Acquired a manual of Dodging
 20360 | D:2      | Bought a scroll of teleportation for 39 gold pieces
 21144 | Lair:6   | Entered Level 6 of the Lair of Beasts
 21328 | Lair:6   | Received a gift from Okawaru
 21335 | Lair:6   | Reached skill level 10 in Dodging
 21540 | Lair:6   | Reached skill level 1 in Shields
 21848 | Lair:6   | Found a broken altar of Ashenzari.
 22011 | Lair:6   | Reached XP level 14. HP: 110/116 MP: 20/20
 22546 | Lair:6   | Reached skill level 14 in Axes
 22574 | Lair:6   | Identified the +1 chain mail "Ozaemud" {Rampage Dex+6}
                  | (Okawaru gifted it to you on level 6 of the Lair of Beasts)
 22574 | Lair:6   | Received a gift from Okawaru
 23420 | Orc:1    | Entered Level 1 of the Orcish Mines
 23420 | Orc:1    | Found Sesil's Magic Scroll Boutique.
 24100 | D:2      | Bought a scroll of acquirement for 676 gold pieces
 24100 | D:2      | Acquired the +3 hat of the Imp {rCorr Dex+3}
 24290 | Orc:2    | Entered Level 2 of the Orcish Mines
 24290 | Orc:2    | Found Manlin's Armour Boutique.
 24394 | Orc:2    | Noticed an orc warlord
 24417 | Orc:2    | Noticed Donald
 24437 | Orc:2    | Killed an orc warlord
 24471 | Orc:2    | HP: 4/119 [orc priest/divine providence (12)]
 24471 | Orc:2    | Killed from afar by an orc priest

Illustrated notes

Levels and vault maps discovered:
D:1:      lightli_arrival_isolated_outpost, layout_basic
D:2:      layout_basic, serial_shops, shop_scrolls, uniq_jessica
D:3:      layout_loops_ring, xom_teletrap_fun, grunt_temple_overflow_cloverleaf,
          grunt_decor_clamped, uniq_sigmund
D:4:      layout_cave_pools, elyvilon_altar_5
D:5:      minmay_skewed_foursquare, layout_loops_ring,
          mainiacjoe_overflow_large_starburst, temple_doors_e,
          kennysheep_minor_cross, minmay_mini_ossuary
D:6:      layout_loops_ring, nemelex_dance_club_becter, st_stairs_8
D:7:      layout_loops_ring
D:8:      layout_loops_ring, grunt_temple_overflow_forces_of_nature
D:9:      layout_rooms, orc_0_dummy
D:10:     layout_stronghold, kennysheep_mini, minmay_lair_entry_grove,
          gammafunk_ghost_spectres, nicolae_specific_store,
          minmay_misc_feat_rugged, nicolae_zen_rock_garden,
          lemuel_flamethrower_hall, uniq_erolcha
D:11:     layout_cave_pools, enter_bailey_2, nrook_campfire, uniq_nergalle
D:12:     layout_loops_ring, uniq_psyche
Temple:   eino_wide_crystal_templ
Lair:1:   layout_regular_city
Lair:2:   layout_regular_city, chequers_serial_rivers_marsh, lemuel_old_faithful
Lair:3:   layout_chaotic_city, elwin_shoals_entry_stream, uniq_urug
Lair:4:   layout_cave_pods, spider_nest_entry_funnel_web
Lair:5:   layout_gridlike, slime_altar_1, bobbens_ice_dragon_lair
Lair:6:   evilmike_catoblepas_cave, layout_long_grid, minivault_23,
          lemuel_oklob_altar
Orc:1:    layout_diamond_mine, serial_shops, nicolae_shop_crystal
Orc:2:    st_orc_congregation, layout_caves, basic_altar, serial_shops, shop,
          uniq_donald

Skill      XL: |  1  2  3  4  5  6  7  8  9 10 11 12 13 14 |
---------------+-------------------------------------------+-----
Dodging        | 1 2 3 4 6 8 9 10 11 | 11.6
Armour         | 2 3 4 5 6 8 10 11 12 | 12.9
Fighting       | 2 3 4 5 6 7 9 11 12 13 | 13.8
Axes           | 1 2 3 5 6 8 9 11 12 13 14 | 14.6
Invocations    | 6 8 |  8.0
Shields        | 1 3 |  3.9
Stealth        | |  0.8
Evocations     | |  3.0

Action                   |  1- 3 |  4- 6 |  7- 9 | 10-12 | 13-15 || total
-------------------------+-------+-------+-------+-------+-------++-------
Melee: Club              |    39 |       |       |       |       ||    39
       Hand axe          |    32 |    50 |   138 |       |       ||   220
       War axe           |       |       |   165 |       |       ||   165
       Demon trident     |       |       |    30 |   324 |       ||   354
       Broad axe         |       |       |       |   178 |   420 ||   598
       Punch             |       |       |       |     5 |     2 ||     7
Throw: Stone             |       |       |     6 |       |     1 ||     7
Invok: Heroism           |       |       |       |     9 |     6 ||    15
       Finesse           |       |       |       |     4 |     4 ||     8
Evoke: Wand              |    14 |     2 |       |    16 |     2 ||    34
       Piece from Xom's  |       |     1 |       |     4 |       ||     5
  Use: Scroll            |     3 |     3 |     4 |    15 |     3 ||    28
       Potion            |       |     2 |       |       |     2 ||     4
 Stab: Confused          |       |     1 |       |       |       ||     1
       Sleeping          |       |       |       |     7 |       ||     7
       Petrified         |       |       |       |     2 |     3 ||     5
       Distracted        |       |       |       |     1 |       ||     1
       Paralysed         |       |       |       |     2 |       ||     2
       Invisible         |       |       |       |       |     6 ||     6
       Petrifying        |       |       |       |       |     2 ||     2
Armor: Leather armour    |    24 |    12 |       |       |       ||    36
       Ring mail         |       |    15 |   142 |   197 |       ||   354
       Scale mail        |       |       |       |    11 |   125 ||   136
       Plate armour      |       |       |       |     3 |       ||     3
       Chain mail        |       |       |       |       |    29 ||    29
Dodge: Dodged            |    31 |    21 |   167 |   365 |   223 ||   807
Block: Other             |       |       |       |    27 |    32 ||    59
       Buckler           |       |       |       |       |   112 ||   112
       Reflection        |       |       |       |       |     2 ||     2

Table legend: (Time is in decaauts)
 A = Elapsed time spent in this place.
 B = Non-inter-level travel time spent in this place.
 C = Inter-level travel time spent in this place.
 D = Time resting spent in this place.
 E = Time spent auto-exploring this place.
 F = Levels seen in this place.
 G = Mean time per level.
                   A        B        C        D        E       F      G
               +--------+--------+--------+--------+--------+-----+--------+
         Total |  24475 |  22675 |   1800 |   2854 |  15894 |  23 | 1064.1 |
       Dungeon |  14342 |  12987 |   1355 |   1253 |   9554 |  12 | 1195.2 |
        Temple |     26 |     20 |      6 |      0 |      8 |   1 |   26.0 |
          Lair |   8044 |   7632 |    412 |   1268 |   5246 |   6 | 1340.7 |
  Orcish Mines |    682 |    656 |     26 |      0 |    491 |   2 |  341.0 |
         Abyss |      4 |      4 |      0 |      0 |      0 |   1 |    4.0 |
        Bailey |   1374 |   1374 |      0 |    333 |    593 |   1 | 1374.0 |
               +--------+--------+--------+--------+--------+-----+--------+

Top non-repeatable levels by time:
  Lair:6: 2083 daAuts
     D:9: 1858 daAuts
  Lair:4: 1737 daAuts
    D:10: 1683 daAuts
     D:1: 1532 daAuts
     D:5: 1503 daAuts
     D:6: 1468 daAuts
  Bailey: 1374 daAuts
    D:11: 1250 daAuts
  Lair:1: 1214 daAuts
  Lair:2: 1096 daAuts
     D:2: 1056 daAuts
     D:7: 1050 daAuts
     D:4: 992 daAuts
     D:8: 989 daAuts
